 Dungeon Crawl Stone Soup version 0.18.1-48-g4cf74bf (webtiles) character file.

165 kobby the Ducker (level 5, 0/40 HPs)
             Began as a Demonspawn Gladiator on July 10, 2016.
             Slain by an orc wizard
             ... wielding a +0 dagger of electrocution
              (16 damage)
             ... on level 4 of the Dungeon.
             The game lasted 00:05:10 (2674 turns).

kobby the Ducker (Demonspawn Gladiator)             Turns: 2674, Time: 00:05:11

Health: 0/40       AC:  7    Str: 15    XL:     5   Next: 21%
Magic:  5/5        EV: 11    Int:  9    God:
Gold:   119        SH:  0    Dex: 15    Spells: 0 memorised, 4 levels left

rFire  . . .     SeeInvis .     a - +1 long sword
rCold  . . .     Gourm    .     m - +0 scale mail
rNeg   . . .     Faith    .     (no shield)
rPois  .         Spirit   .     c - +0 helmet
rElec  .         Dismiss  .     (no cloak)
rCorr  .         Reflect  .     (no gloves)
SustAt .         Harm     .     (no boots)
MR     .....                    (no amulet)
Stlth  ..........               (no ring)
                                (no ring)

@: not resistant to hostile enchantments, extremely unstealthy
A: talons 2
a: no special abilities


You were on level 4 of the Dungeon.
You were full.

You visited 1 branch of the dungeon, and saw 4 of its levels.

You collected 119 gold pieces.

Inventory:

Hand Weapons
 a - a +1 long sword (weapon)
Missiles
 d - 3 throwing nets (quivered)
Armour
 b - a +0 leather armour
 c - a +0 helmet (worn)
 m - a +0 scale mail (worn)
Jewellery
 o - an uncursed ring of wizardry
Scrolls
 g - a scroll of identify
 h - 2 scrolls of fog
 i - a scroll of enchant weapon
 n - 4 scrolls of remove curse
Potions
 e - a potion of agility
 k - 2 potions of might {unknown}
 l - a potion of magic {unknown}
 p - a potion of resistance {unknown}
 q - a potion of cure mutation {unknown}
Comestibles
 f - 3 bread rations
 j - 2 meat rations


   Skills:
 + Level 2.9 Fighting
 + Level 3.2 Long Blades
 + Level 1.9 Throwing
 + Level 1.5 Armour
 + Level 4.1 Dodging
 + Level 0.2 Stealth


You had 4 spell levels left.
You didn't know any spells.

Dungeon Overview and Level Annotations

Branches:
Dungeon (4/15)
 Temple: D:4-7

Altars:
Makhleb
Pakellas
Trog
Yredelemnul
Zin


Innate Abilities, Weirdness & Mutations

You have razor-sharp toenails.


Message History

You hit the orc but do no damage. You claw the orc, but do no damage.
The orc barely misses you.
You slash the orc!
You kill the orc!
The orc wizard casts a spell at you. The puff of flame hits you!
The orc wizard hits you but does no damage.
Items here: ))) [[ ††† You closely miss the orc wizard.
The orc wizard hits you but does no damage.
You slash the orc wizard!
You claw the orc wizard, but do no damage.
The orc wizard is heavily wounded.
The orc wizard hits you but does no damage.
You are electrocuted!
You completely miss the orc wizard.
The orc wizard is heavily wounded.
The orc wizard hits you but does no damage.
You are electrocuted!
You die...

o. ..# #. #.# #o
#.# #. #.# #. #.#
#. #.#
#.#######.########
#oo@.............#
#########.#####.##
#.# #.# #.# #.#
#.# #.# #.# #.#
..# #.# ##### #.#
#.#######.#


You could see an orc wizard and an orc.

Vanquished Creatures
  An orc wizard (D:4)
  A worker ant (D:3)
  4 adders (D:3)
  An ooze (D:1)
  4 dart slugs
  5 giant geckos
  2 orcs (D:4)
  4 bats
  4 giant cockroaches
  3 goblins
  7 hobgoblins
  4 jackals (D:2)
  3 quokkas (D:3)
  4 giant newts
  9 kobolds
  7 rats
63 creatures vanquished.

Notes
Turn   | Place    | Note
--------------------------------------------------------------
     0 | D:1      | kobby the Demonspawn Gladiator began the quest for the Orb.
     0 | D:1      | Reached XP level 1. HP: 16/16 MP: 1/1
   206 | D:1      | Gained mutation: You have sharp toenails. [demonic ancestry]
   206 | D:1      | Reached XP level 2. HP: 15/22 MP: 2/2
   307 | D:1      | Reached skill level 3 in Dodging
  1045 | D:2      | Reached XP level 3. HP: 26/27 MP: 3/3
  1648 | D:2      | Found an oddly glowing altar of Pakellas.
  1648 | D:2      | Found a basalt altar of Yredelemnul.
  1691 | D:2      | Found a bloodstained altar of Trog.
  1715 | D:2      | Found a burning altar of Makhleb.
  1718 | D:2      | Found a glowing silver altar of Zin.
  1959 | D:3      | Reached skill level 1 in Armour
  1959 | D:3      | Reached XP level 4. HP: 33/34 MP: 4/4
  1986 | D:3      | Found a faded altar to an unknown god.
  2195 | D:3      | Reached skill level 4 in Dodging
  2667 | D:4      | Gained mutation: You have razor-sharp toenails. [demonic ancestry]
  2667 | D:4      | Reached XP level 5. HP: 39/40 MP: 5/5
  2674 | D:4      | Slain by an orc wizard

Skill      XL: |  1  2  3  4 |
---------------+-------------+-----
Dodging        | 3 4 |  4.1
Long Blades    | 3 |  3.2
Armour         | 1 |  1.5
Fighting       | |  2.9
Throwing       | |  1.9
Stealth        | |  0.2

Action                   |  1- 3 |  4- 6 || total
-------------------------+-------+-------++-------
Melee: Long sword        |   129 |    87 ||   216
       Kick              |    22 |    27 ||    49
  Use: Potion            |     1 |       ||     1
       Scroll            |       |     8 ||     8
  Eat: Meat ration       |     1 |     1 ||     2
Armor: Leather armour    |    44 |       ||    44
       Scale mail        |    20 |    47 ||    67
Dodge: Dodged            |   137 |    46 ||   183
